Little Stars vs Punishers
Created - October 29, 2019 at 20:17
Goals
|
| Little Stars |
1 |
0 |
2 |
3 |
| Punishers |
2 |
2 |
3 |
7 |
|
Shots
|
| Little Stars |
16 |
8 |
10 |
34 |
| Punishers |
8 |
19 |
14 |
41 |
|
1st period
1. Punishers , Robbie Earl 7 (Miikka Salomaki 5, Zack Hamill 7) at 0:16
2. Little Stars , Patrick Wiercioch 1 (Jesse Joensuu 2, Peter Delmas) at 18:00
3. Punishers , Robbie Earl 8 (Zack Hamill 8) at 19:04
Penalties :
Jesse Joensuu (Tex) for Tripping (Minor) at 11:10
2nd period
4. Punishers , Jordan Schmaltz 1 (Andreas Athanasiou 2, Tyler Bertuzzi 2) at 0:37
5. Punishers , Zack Hamill 2 (Slava Voynov 4) at 13:45
Penalties :
Dylan DeMelo (Pro) for Holding (Minor) at 8:01, Ben Betker (Pro) for Hooking (Minor) at 16:15
3rd period
6. Punishers , Tyler Bertuzzi 1 (Carter Ashton 2, Jordan Schmaltz 2) at 0:35
7. Punishers , Zack Hamill 3 (Nikita Gusev 4, John Quenneville 2) at 6:18
8. Little Stars , Jason Dickinson 1 (Emile Poirier 1) at 8:14
9. Punishers , Zack Hamill 4 (Robbie Earl 2) at 9:26 (PP)
10. Little Stars , Andrej Sustr 2 (Adam Tambellini 2, Michael Mersch 2) at 17:55 (PP)
Penalties :
Scott Kosmachuck (Tex) for Holding (Minor) at 9:13, Tyler Bertuzzi (Pro) for Slashing (Minor) at 12:23, Austen Brassard (Pro) for Holding (Minor) at 17:47
Goalie Stats
Matt Murray (Tex), 7 saves from 7 shots - (1.000), 10:34 minutes
Peter Delmas (Tex), 27 saves from 34 shots - (0.794), L, 0-1-0, 49:26 minutes
Louis Domingue (Pro), 31 saves from 34 shots - (0.912), W, 3-1-0, 60:00 minutes
Players Stats for Little Stars
Player Name G A P +/- PIM S H SB GA TA FO MP PP MP PK MP
------------------------------------------------------------------------------------
Adam Tambellini 0 1 1 -1 0 3 1 0 0 2 0/0 17:24 2:51 0:00
Andrej Sustr 1 0 1 -3 0 3 3 0 2 1 0/0 29:10 3:07 1:35
Anton Cederholm 0 0 0 -1 0 1 0 0 0 0 0/0 11:12 0:00 0:00
Dana Tyrell 0 0 0 0 0 3 1 1 0 0 2/2 3:09 0:00 0:11
Daniel O'regan 0 0 0 -1 0 0 2 0 1 0 6/10 11:52 1:29 0:34
Emile Poirier 0 1 1 0 0 0 1 0 0 0 0/0 9:17 0:14 0:00
Eric Knodel 0 0 0 0 0 1 1 5 0 2 0/0 19:38 2:58 0:37
Evgeny Kuznetsov 0 0 0 -2 0 5 1 1 0 1 18/39 24:38 2:30 1:29
Jason Dickinson 1 0 1 0 0 2 0 0 0 1 0/4 9:13 0:07 0:00
Jesse Joensuu 0 1 1 -2 2 6 0 0 1 0 0/0 21:36 2:22 0:00
Justin Auger 0 0 0 0 0 1 1 0 0 0 0/0 9:54 0:48 0:00
Michael Mersch 0 1 1 -2 0 1 4 2 1 1 7/12 20:55 2:37 0:55
Patrick Wiercioch 1 0 1 0 0 2 4 0 0 1 0/0 19:38 2:58 0:37
Reece Willcox 0 0 0 -1 0 0 1 0 0 0 0/0 11:12 0:00 0:00
Scott Kosmachuck 0 0 0 -2 2 2 0 1 0 2 0/1 21:27 2:22 0:11
Sebastian Wannstrom 0 0 0 -1 0 1 1 0 1 0 0/0 10:56 0:00 1:04
Tyler Wotherspoon 0 0 0 -3 0 1 0 4 0 3 0/0 29:10 3:07 1:35
Zach Budish 0 0 0 -1 0 2 2 1 1 1 1/2 17:25 2:55 0:00
Players Stats for Punishers
Player Name G A P +/- PIM S H SB GA TA FO MP PP MP PK MP
------------------------------------------------------------------------------------
Alex Schoenborn 0 0 0 0 0 0 0 0 0 0 0/0 0:44 0:00 0:00
Andreas Athanasiou 0 1 1 1 0 4 2 0 0 0 7/17 18:36 0:49 1:38
Austen Brassard 0 0 0 0 2 3 1 0 0 1 0/0 11:00 0:00 0:00
Ben Betker 0 0 0 1 2 1 1 0 0 1 0/0 11:41 0:00 0:53
Carter Ashton 0 1 1 1 0 2 0 0 1 1 0/1 16:50 0:49 0:00
Daniel Audette 0 0 0 0 0 0 1 0 0 0 0/1 5:42 0:00 0:00
Dylan DeMelo 0 0 0 0 2 2 0 1 2 0 0/0 22:00 0:42 1:39
John Macfarland 0 0 0 0 0 0 0 0 0 0 0/0 7:15 0:00 1:32
John Quenneville 0 1 1 0 0 2 0 0 0 0 6/8 12:20 0:00 1:18
Jordan Schmaltz 1 1 2 3 0 5 2 2 0 0 0/0 27:50 1:30 3:15
Madison Bowey 0 0 0 1 0 1 0 1 1 0 0/0 26:25 0:42 2:50
Michael Joly 0 0 0 -1 0 1 0 0 1 0 0/0 5:44 0:00 0:00
Miikka Salomaki 0 1 1 3 0 0 0 0 2 1 3/3 21:39 1:23 1:24
Nikita Gusev 0 1 1 0 0 5 1 0 2 0 0/0 11:01 0:00 0:00
Robbie Earl 2 1 3 3 0 7 2 0 2 0 2/5 23:26 1:23 3:09
Slava Voynov 0 1 1 4 0 2 2 0 2 0 0/0 31:22 1:30 3:33
Tyler Bertuzzi 1 1 2 1 2 1 1 0 0 1 0/0 16:50 0:49 0:00
Zack Hamill 3 2 5 3 0 5 1 0 2 2 18/35 23:26 1:23 3:09
3 Stars
1 - Zack Hamill (Pro)
2 - Robbie Earl (Pro)
3 - Jordan Schmaltz (Pro)
Power Play
Little Stars - 1 on 4 Attempt(s) - 25.00%
Punishers - 1 on 2 Attempt(s) - 50.00%
Penalty Kill
Little Stars - 1 on 2 Attempt(s) - 50.00%
- Score 0 goal in Penalty Kill
Punishers - 3 on 4 Attempt(s) - 75.00%
- Score 0 goal in Penalty Kill
Team Stat
Little Stars - Hits : 23 - Faceoff Wins : 34 - Blocked Shots : 15 - Penalty Minutes : 4
Punishers - Hits : 14 - Faceoff Wins : 36 - Blocked Shots : 4 - Penalty Minutes : 8
Official
Referees : Unknown
Linesman : Unknown
Game Notes
Dana Tyrell is injured at 11:21 of 1st period (Left Foot)
0:51 of 2nd period - Little Stars goal is going for a video replay. After video review, No Goal. The attacking player has interfered with a goalkeeper in his goal crease.
Zack Hamill has scored a Hat Trick!
Matt Murray enters game at 9:26 of 3rd period
Finance
Level 1 -- Attendance: 1586 (79.30%) -- Ticket Income $63,440
Level 2 -- Attendance: 718 (71.80%) -- Ticket Income $14,360
Total Attendance: 2304 (76.80%)
Total Ticket Income: $77,800
Other Income: $3,890
Total Income: $81,690
Little Stars
5 vs 5 Forward
Center Left Wing Right Wing Time % Phy DF OF
1 Evgeny Kuznetsov Jesse Joensuu Scott Kosmachuck 40 1 2 2
2 Dana Tyrell Adam Tambellini Zach Budish 30 1 2 2
3 Daniel O'regan Michael Mersch Sebastian Wannstrom 20 1 2 2
4 Jason Dickinson Emile Poirier Justin Auger 10 1 2 2
5 vs 5 Defense
Defense Defense Time % Phy DF OF
1 Andrej Sustr Tyler Wotherspoon 40 1 2 2
2 Patrick Wiercioch Eric Knodel 30 1 2 2
3 Anton Cederholm Reece Willcox 20 1 2 2
4 Andrej Sustr Tyler Wotherspoon 10 1 2 2
PowerPlay Forward
Center Left Wing Right Wing Time % Phy DF OF
1 Evgeny Kuznetsov Jesse Joensuu Scott Kosmachuck 60 0 2 3
2 Dana Tyrell Adam Tambellini Zach Budish 40 0 2 3
PowerPlay Defense
Defense Defense Time % Phy DF OF
1 Andrej Sustr Tyler Wotherspoon 60 0 2 3
2 Patrick Wiercioch Eric Knodel 40 0 2 3
Penalty Kill 4 Players Forward
Center Wing Time % Phy DF OF
1 Evgeny Kuznetsov Dana Tyrell 60 0 3 2
2 Jesse Joensuu Scott Kosmachuck 40 0 3 2
Penalty Kill 4 Players Defense
Defense Defense Time % Phy DF OF
1 Andrej Sustr Tyler Wotherspoon 60 0 3 2
2 Patrick Wiercioch Eric Knodel 40 0 3 2
Penalty Kill - 3 Players Forward
Forward Time % Phy DF OF
1 Evgeny Kuznetsov 60 0 3 2
2 Dana Tyrell 40 0 3 2
Penalty Kill - 3 Players Defense
Defense Defense Time % Phy DF OF
1 Andrej Sustr Tyler Wotherspoon 60 0 3 2
2 Patrick Wiercioch Eric Knodel 40 0 3 2
4 vs 4 Forward
Center Wing Time % Phy DF OF
1 Evgeny Kuznetsov Dana Tyrell 60 1 2 2
2 Jesse Joensuu Scott Kosmachuck 40 1 2 2
4 vs 4 Defense
Defense Defense Time % Phy DF OF
1 Andrej Sustr Tyler Wotherspoon 60 1 2 2
2 Patrick Wiercioch Eric Knodel 40 1 2 2
Last Minutes Offensive
Center Left Wing Right Wing Defense Defense
Evgeny Kuznetsov Jesse Joensuu Scott Kosmachuck Andrej Sustr Tyler Wotherspoon
Last Minutes Defensive
Center Left Wing Right Wing Defense Defense
Evgeny Kuznetsov Jesse Joensuu Scott Kosmachuck Andrej Sustr Tyler Wotherspoon
Goaltenders
Starting : Peter Delmas
Backup : Matt Murray
Extra Forwards
Normal : Michael Mersch, Daniel O'regan, Sebastian Wannstrom - PP : Michael Mersch, Daniel O'regan - PK : Sebastian Wannstrom
Extra Defensemen
Normal : Anton Cederholm, Reece Willcox, Patrick Wiercioch - PP : Anton Cederholm - PK : Reece Willcox, Patrick Wiercioch
Penalty Shots
Evgeny Kuznetsov, Dana Tyrell, Jesse Joensuu, Scott Kosmachuck, Adam Tambellini
Scratches
Ville Pokka (Healthy), Daniil Tarasov (Healthy), Tucker Poolman (Healthy), Shane Gersich (Healthy), Radel Fazleev (Healthy)
Julien Nantel (Healthy), Connor Knapp (Healthy), Spencer Martin (Healthy)
Punishers
5 vs 5 Forward
Center Left Wing Right Wing Time % Phy DF OF
1 Zack Hamill Robbie Earl Miikka Salomaki 40 1 2 2
2 Andreas Athanasiou Tyler Bertuzzi Carter Ashton 30 1 2 2
3 John Quenneville Nikita Gusev Austen Brassard 20 1 2 2
4 Daniel Audette John Macfarland Michael Joly 10 1 2 2
5 vs 5 Defense
Defense Defense Time % Phy DF OF
1 Slava Voynov Jordan Schmaltz 40 1 2 2
2 Madison Bowey Dylan DeMelo 30 1 2 2
3 Ben Betker Slava Voynov 20 1 2 2
4 Jordan Schmaltz Madison Bowey 10 1 2 2
PowerPlay Forward
Center Left Wing Right Wing Time % Phy DF OF
1 Zack Hamill Robbie Earl Miikka Salomaki 60 1 2 2
2 Andreas Athanasiou Tyler Bertuzzi Carter Ashton 40 1 2 2
PowerPlay Defense
Defense Defense Time % Phy DF OF
1 Slava Voynov Jordan Schmaltz 60 1 2 2
2 Madison Bowey Dylan DeMelo 40 1 2 2
Penalty Kill 4 Players Forward
Center Wing Time % Phy DF OF
1 Zack Hamill Robbie Earl 60 1 2 2
2 Miikka Salomaki Andreas Athanasiou 40 1 2 2
Penalty Kill 4 Players Defense
Defense Defense Time % Phy DF OF
1 Slava Voynov Jordan Schmaltz 60 1 2 2
2 Madison Bowey Dylan DeMelo 40 1 2 2
Penalty Kill - 3 Players Forward
Forward Time % Phy DF OF
1 Zack Hamill 60 1 2 2
2 Robbie Earl 40 1 2 2
Penalty Kill - 3 Players Defense
Defense Defense Time % Phy DF OF
1 Slava Voynov Jordan Schmaltz 60 1 2 2
2 Madison Bowey Dylan DeMelo 40 1 2 2
4 vs 4 Forward
Center Wing Time % Phy DF OF
1 Zack Hamill Robbie Earl 60 1 2 2
2 Miikka Salomaki Andreas Athanasiou 40 1 2 2
4 vs 4 Defense
Defense Defense Time % Phy DF OF
1 Slava Voynov Jordan Schmaltz 60 1 2 2
2 Madison Bowey Dylan DeMelo 40 1 2 2
Last Minutes Offensive
Center Left Wing Right Wing Defense Defense
Zack Hamill Robbie Earl Miikka Salomaki Slava Voynov Jordan Schmaltz
Last Minutes Defensive
Center Left Wing Right Wing Defense Defense
Zack Hamill Robbie Earl Miikka Salomaki Slava Voynov Jordan Schmaltz
Goaltenders
Starting : Louis Domingue
Backup : Daniel Altshuller
Extra Forwards
Normal : Alex Schoenborn, Nikita Gusev, John Quenneville - PP : Alex Schoenborn, Nikita Gusev - PK : John Quenneville
Extra Defensemen
Normal : Ben Betker, Dylan DeMelo, Slava Voynov - PP : Ben Betker - PK : Dylan DeMelo, Slava Voynov
Penalty Shots
Zack Hamill, Robbie Earl, Miikka Salomaki, Andreas Athanasiou, Carter Ashton
Scratches
Radek Faksa (Bruised Left Arm Injury), Adam Pelech (Left Hand Injury), Garret Ross (Bruised Right Leg Injury)
% Time on Ice - Little Stars
Lines # - Real PCT - Wanted PCT - Time Play
Normal Forward
1 - 37% - 40% - 19:15
2 - 28% - 30% - 14:33
3 - 17% - 20% - 8:52
4 - 17% - 10% - 9:03
Normal Defense
1 - 40% - 40% - 20:49
2 - 31% - 30% - 16:03
3 - 22% - 20% - 11:12
4 - 7% - 10% - 3:39
PP Forward
1 - 39% - 60% - 2:22
2 - 61% - 40% - 3:43
PP Defense
1 - 51% - 60% - 3:07
2 - 49% - 40% - 2:58
PK Forward
1 - 92% - 60% - 2:01
2 - 8% - 40% - 0:11
PK Defense
1 - 72% - 60% - 1:35
2 - 28% - 40% - 0:37
PK3 Forward
1 - 0% - 60%
2 - 0% - 40%
PK3 Defense
1 - 0% - 60%
2 - 0% - 40%
44 Forward
1 - 0% - 60%
2 - 0% - 40%
44 Defense
1 - 0% - 60%
2 - 0% - 40%
Last Minute Offensive - 0:00
Last Minute Defensive - 0:00
Total
Forward - 60:00
Defense - 60:00
|
% Time on Ice - Punishers
Lines # - Real PCT - Wanted PCT - Time Play
Normal Forward
1 - 37% - 40% - 18:55
2 - 31% - 30% - 16:05
3 - 21% - 20% - 11:01
4 - 11% - 10% - 5:42
Normal Defense
1 - 38% - 40% - 19:33
2 - 36% - 30% - 18:23
3 - 18% - 20% - 9:04
4 - 9% - 10% - 4:43
PP Forward
1 - 63% - 60% - 1:23
2 - 37% - 40% - 0:49
PP Defense
1 - 68% - 60% - 1:30
2 - 32% - 40% - 0:42
PK Forward
1 - 77% - 60% - 4:41
2 - 23% - 40% - 1:24
PK Defense
1 - 53% - 60% - 3:15
2 - 47% - 40% - 2:50
PK3 Forward
1 - 0% - 60%
2 - 0% - 40%
PK3 Defense
1 - 0% - 60%
2 - 0% - 40%
44 Forward
1 - 0% - 60%
2 - 0% - 40%
44 Defense
1 - 0% - 60%
2 - 0% - 40%
Last Minute Offensive - 0:00
Last Minute Defensive - 0:00
Total
Forward - 60:00
Defense - 60:00
|
Play-by-Play
1st period
0:01 of 1st period - Zack Hamill wins face-off versus Evgeny Kuznetsov in neutral zone.
0:16 of 1st period - Snap shot by Miikka Salomaki.
0:16 of 1st period - Deflect By Robbie Earl.
0:16 of 1st period - Goal by Robbie Earl - Little Stars : 0 - Punishers : 1.
0:17 of 1st period - Zach Budish wins face-off versus Carter Ashton in neutral zone.
0:20 of 1st period - Dylan DeMelo is hit by Patrick Wiercioch and loses puck.
0:51 of 1st period - Wrist shot by John Quenneville.
0:51 of 1st period - Shot Blocked by Michael Mersch.
2:16 of 1st period - Wrist shot by John Quenneville.
2:16 of 1st period - Shot Misses the Net.
2:50 of 1st period - Wrist shot by Carter Ashton.
2:50 of 1st period - Shot Blocked by Eric Knodel.
3:09 of 1st period - Slava Voynov is hit by Dana Tyrell.
4:06 of 1st period - Wrist shot by Andreas Athanasiou.
4:06 of 1st period - Stopped by Peter Delmas with a rebound.
4:43 of 1st period - Reece Willcox is hit by Slava Voynov and loses puck.
5:22 of 1st period - Snap shot by Dana Tyrell.
5:22 of 1st period - Shot Hit the Post.
5:35 of 1st period - Snap shot by Miikka Salomaki.
5:35 of 1st period - Shot Misses the Net.
5:37 of 1st period - Wrist shot by Robbie Earl.
5:37 of 1st period - Stopped by Peter Delmas without a rebound.
5:38 of 1st period - Evgeny Kuznetsov wins face-off versus Andreas Athanasiou in Little Stars zone.
6:29 of 1st period - Dylan DeMelo is hit by Sebastian Wannstrom.
6:52 of 1st period - Snap shot by Emile Poirier.
6:52 of 1st period - Deflect By Jason Dickinson.
6:52 of 1st period - Stopped by Louis Domingue without a rebound.
6:53 of 1st period - Andreas Athanasiou wins face-off versus Evgeny Kuznetsov in Punishers zone.
7:05 of 1st period - Slapshot by Andrej Sustr.
7:05 of 1st period - Deflect By Andreas Athanasiou.
7:05 of 1st period - Stopped by Louis Domingue with a rebound.
7:07 of 1st period - Slapshot by Tyler Wotherspoon.
7:07 of 1st period - Deflect By Evgeny Kuznetsov.
7:07 of 1st period - Stopped by Louis Domingue with a rebound.
7:09 of 1st period - Slapshot by Tyler Wotherspoon.
7:09 of 1st period - Deflect By Evgeny Kuznetsov.
7:09 of 1st period - Stopped by Louis Domingue without a rebound.
7:10 of 1st period - Dana Tyrell wins face-off versus Zack Hamill in Punishers zone.
7:13 of 1st period - Wrist shot by Adam Tambellini.
7:13 of 1st period - Stopped by Louis Domingue with a rebound.
7:15 of 1st period - Slapshot by Tyler Wotherspoon.
7:15 of 1st period - Stopped by Louis Domingue without a rebound.
7:16 of 1st period - Dana Tyrell wins face-off versus Zack Hamill in Punishers zone.
7:19 of 1st period - Snap shot by Dana Tyrell.
7:19 of 1st period - Stopped by Louis Domingue with a rebound.
7:21 of 1st period - Slapshot by Tyler Wotherspoon.
7:21 of 1st period - Shot Blocked by Jordan Schmaltz.
7:23 of 1st period - Snap shot by Dana Tyrell.
7:23 of 1st period - Shot Misses the Net.
7:25 of 1st period - Snap shot by Dana Tyrell.
7:25 of 1st period - Stopped by Louis Domingue with a rebound.
7:27 of 1st period - Slapshot by Andrej Sustr.
7:27 of 1st period - Shot Misses the Net.
8:19 of 1st period - Icing by Madison Bowey.
8:20 of 1st period - John Quenneville wins face-off versus Jason Dickinson in Punishers zone.
8:46 of 1st period - Wrist shot by Andreas Athanasiou.
8:46 of 1st period - Shot Misses the Net.
8:54 of 1st period - Wrist shot by Evgeny Kuznetsov.
8:54 of 1st period - Shot Misses the Net.
8:56 of 1st period - Snap shot by Eric Knodel.
8:56 of 1st period - Shot Blocked by Dylan DeMelo.
9:08 of 1st period - Wrist shot by John Quenneville.
9:08 of 1st period - Shot Blocked by Zach Budish.
9:16 of 1st period - Wrist shot by Zach Budish.
9:16 of 1st period - Shot Misses the Net.
9:26 of 1st period - Daniel O'regan is hit by Daniel Audette and loses puck.
9:35 of 1st period - Snap shot by Sebastian Wannstrom.
9:35 of 1st period - Stopped by Louis Domingue with a rebound.
10:36 of 1st period - Snap shot by Andrej Sustr.
10:36 of 1st period - Deflect By Dana Tyrell.
10:36 of 1st period - Stopped by Louis Domingue without a rebound.
10:37 of 1st period - Zack Hamill wins face-off versus Daniel O'regan in Punishers zone.
11:03 of 1st period - Wrist shot by Andreas Athanasiou.
11:03 of 1st period - Stopped by Peter Delmas with a rebound.
11:05 of 1st period - Snap shot by Tyler Bertuzzi.
11:05 of 1st period - Deflect By Carter Ashton.
11:05 of 1st period - Stopped by Peter Delmas with a rebound.
11:10 of 1st period - Minor Penalty to Jesse Joensuu for Tripping.
11:11 of 1st period - Zack Hamill wins face-off versus Evgeny Kuznetsov in Little Stars zone.
11:21 of 1st period - Snap shot by Miikka Salomaki.
11:21 of 1st period - Shot Blocked by Dana Tyrell.
11:21 of 1st period - Dana Tyrell from Little Stars is injured at 11:21 of 1st period (Left Foot).
11:22 of 1st period - Evgeny Kuznetsov wins face-off versus Zack Hamill in Little Stars zone.
11:53 of 1st period - Slapshot by Slava Voynov.
11:53 of 1st period - Deflect By Carter Ashton.
11:53 of 1st period - Shot Misses the Net.
11:53 of 1st period - Puck is out of play.
11:54 of 1st period - Zack Hamill wins face-off versus Evgeny Kuznetsov in Little Stars zone.
12:19 of 1st period - Dylan DeMelo is hit by Michael Mersch and loses puck.
13:10 of 1st period - Penalty to Jesse Joensuu is over, Jesse Joensuu is back on ice.
13:29 of 1st period - Snap shot by Jesse Joensuu.
13:29 of 1st period - Stopped by Louis Domingue without a rebound.
13:30 of 1st period - Michael Mersch wins face-off versus Daniel Audette in Punishers zone.
14:42 of 1st period - Slapshot by Zach Budish.
14:42 of 1st period - Shot Misses the Net.
14:44 of 1st period - Backhand shot by Michael Mersch.
14:44 of 1st period - Stopped by Louis Domingue with a rebound.
15:01 of 1st period - Snap shot by Carter Ashton.
15:01 of 1st period - Shot Blocked by Tyler Wotherspoon.
15:16 of 1st period - Snap shot by Tyler Bertuzzi.
15:16 of 1st period - Deflect By Andreas Athanasiou.
15:16 of 1st period - Shot Blocked by Tyler Wotherspoon.
15:16 of 1st period - Puck is out of play.
15:17 of 1st period - Robbie Earl wins face-off versus Daniel O'regan in Little Stars zone.
15:20 of 1st period - Snap shot by Miikka Salomaki.
15:20 of 1st period - Shot Misses the Net.
15:35 of 1st period - Icing by Jordan Schmaltz.
15:36 of 1st period - Evgeny Kuznetsov wins face-off versus Robbie Earl in Punishers zone.
16:00 of 1st period - Slapshot by Jordan Schmaltz.
16:00 of 1st period - Deflect By Zack Hamill.
16:00 of 1st period - Shot Misses the Net.
16:00 of 1st period - Puck is out of play.
16:01 of 1st period - Michael Mersch wins face-off versus John Quenneville in Little Stars zone.
16:06 of 1st period - John Quenneville is hit by Patrick Wiercioch and loses puck.
16:19 of 1st period - Slapshot by Michael Mersch.
16:19 of 1st period - Shot Misses the Net.
16:35 of 1st period - Snap shot by Evgeny Kuznetsov.
16:35 of 1st period - Shot Misses the Net.
16:39 of 1st period - Backhand shot by Jesse Joensuu.
16:39 of 1st period - Stopped by Louis Domingue with a rebound.
17:20 of 1st period - Wrist shot by Michael Mersch.
17:20 of 1st period - Shot Misses the Net.
17:40 of 1st period - Slapshot by Jordan Schmaltz.
17:40 of 1st period - Shot Misses the Net.
17:56 of 1st period - Snap shot by Jesse Joensuu.
17:56 of 1st period - Stopped by Louis Domingue with a rebound.
17:58 of 1st period - Backhand shot by Patrick Wiercioch.
17:58 of 1st period - Stopped by Louis Domingue with a rebound.
18:00 of 1st period - Wrist shot by Patrick Wiercioch.
18:00 of 1st period - Goal by Patrick Wiercioch - Little Stars : 1 - Punishers : 1.
18:01 of 1st period - Zack Hamill wins face-off versus Evgeny Kuznetsov in neutral zone.
18:19 of 1st period - Evgeny Kuznetsov is hit by Slava Voynov and loses puck.
19:00 of 1st period - Slapshot by Jordan Schmaltz.
19:00 of 1st period - Deflect By Austen Brassard.
19:00 of 1st period - Stopped by Peter Delmas with a rebound.
19:02 of 1st period - Wrist shot by Jordan Schmaltz.
19:02 of 1st period - Stopped by Peter Delmas without a rebound.
19:03 of 1st period - Zack Hamill wins face-off versus Evgeny Kuznetsov in Little Stars zone.
19:04 of 1st period - Snap shot by Robbie Earl.
19:04 of 1st period - Goal by Robbie Earl - Little Stars : 1 - Punishers : 2.
19:05 of 1st period - Evgeny Kuznetsov wins face-off versus Zack Hamill in neutral zone.
19:50 of 1st period - Off-side.
19:51 of 1st period - John Quenneville wins face-off versus Jason Dickinson in neutral zone.
Goals for this period are 1 for Little Stars vs 2 for Punishers.
Shots for this period are 16 for Little Stars vs 8 for Punishers.
2nd period
0:01 of 2nd period - Zack Hamill wins face-off versus Evgeny Kuznetsov in neutral zone.
0:04 of 2nd period - Slapshot by Slava Voynov.
0:04 of 2nd period - Stopped by Peter Delmas without a rebound.
0:05 of 2nd period - Evgeny Kuznetsov wins face-off versus Zack Hamill in Little Stars zone.
0:30 of 2nd period - Tyler Wotherspoon is hit by Tyler Bertuzzi and loses puck.
0:35 of 2nd period - Slapshot by Andreas Athanasiou.
0:35 of 2nd period - Stopped by Peter Delmas with a rebound.
0:37 of 2nd period - Slapshot by Jordan Schmaltz.
0:37 of 2nd period - Goal by Jordan Schmaltz - Little Stars : 1 - Punishers : 3.
0:38 of 2nd period - Evgeny Kuznetsov wins face-off versus Zack Hamill in neutral zone.
0:49 of 2nd period - Snap shot by Evgeny Kuznetsov.
0:49 of 2nd period - Stopped by Louis Domingue with a rebound.
0:51 of 2nd period - Slapshot by Evgeny Kuznetsov.
0:51 of 2nd period - Little Stars goal is going for a video replay.
0:51 of 2nd period - The goal is refused. The attacking player has interfered with a goalkeeper in his goal crease..
0:52 of 2nd period - Zack Hamill wins face-off versus Michael Mersch in Punishers zone.
0:57 of 2nd period - Jordan Schmaltz is hit by Zach Budish and loses puck.
1:04 of 2nd period - Snap shot by Andrej Sustr.
1:04 of 2nd period - Stopped by Louis Domingue with a rebound.
1:38 of 2nd period - Dylan DeMelo is hit by Andrej Sustr.
1:58 of 2nd period - Andrej Sustr is hit by Zack Hamill and loses puck.
2:48 of 2nd period - Wrist shot by Jesse Joensuu.
2:48 of 2nd period - Stopped by Louis Domingue without a rebound.
2:49 of 2nd period - Michael Mersch wins face-off versus Zack Hamill in Punishers zone.
3:47 of 2nd period - Slapshot by Jordan Schmaltz.
3:47 of 2nd period - Stopped by Peter Delmas with a rebound.
3:49 of 2nd period - Slapshot by Slava Voynov.
3:49 of 2nd period - Shot Blocked by Evgeny Kuznetsov.
3:58 of 2nd period - Icing by Scott Kosmachuck.
3:59 of 2nd period - John Quenneville wins face-off versus Evgeny Kuznetsov in Little Stars zone.
4:04 of 2nd period - Snap shot by Zack Hamill.
4:04 of 2nd period - Stopped by Peter Delmas with a rebound.
4:06 of 2nd period - Slapshot by Ben Betker.
4:06 of 2nd period - Shot Blocked by Eric Knodel.
4:08 of 2nd period - Slapshot by Ben Betker.
4:08 of 2nd period - Shot Misses the Net.
4:10 of 2nd period - Wrist shot by Zack Hamill.
4:10 of 2nd period - Stopped by Peter Delmas with a rebound.
4:12 of 2nd period - Snap shot by Robbie Earl.
4:12 of 2nd period - Shot Misses the Net.
4:14 of 2nd period - Snap shot by Robbie Earl.
4:14 of 2nd period - Stopped by Peter Delmas with a rebound.
4:25 of 2nd period - Off-side.
4:26 of 2nd period - Michael Mersch wins face-off versus Andreas Athanasiou in neutral zone.
4:31 of 2nd period - Wrist shot by Adam Tambellini.
4:31 of 2nd period - Stopped by Louis Domingue without a rebound.
4:32 of 2nd period - Miikka Salomaki wins face-off versus Daniel O'regan in Punishers zone.
4:56 of 2nd period - Off-side.
4:57 of 2nd period - Andreas Athanasiou wins face-off versus Zach Budish in neutral zone.
5:24 of 2nd period - Anton Cederholm is hit by Robbie Earl.
5:46 of 2nd period - Wrist shot by Nikita Gusev.
5:46 of 2nd period - Stopped by Peter Delmas with a rebound.
5:48 of 2nd period - Slapshot by Jordan Schmaltz.
5:48 of 2nd period - Stopped by Peter Delmas with a rebound.
5:50 of 2nd period - Snap shot by Slava Voynov.
5:50 of 2nd period - Shot Blocked by Tyler Wotherspoon.
5:52 of 2nd period - Slapshot by Slava Voynov.
5:52 of 2nd period - Deflect By Nikita Gusev.
5:52 of 2nd period - Shot Misses the Net.
5:52 of 2nd period - Puck is out of play.
5:53 of 2nd period - Evgeny Kuznetsov wins face-off versus Zack Hamill in Little Stars zone.
6:19 of 2nd period - Anton Cederholm is hit by Andreas Athanasiou and loses puck.
6:44 of 2nd period - Slapshot by Andrej Sustr.
6:44 of 2nd period - Deflect By Justin Auger.
6:44 of 2nd period - Stopped by Louis Domingue with a rebound.
7:08 of 2nd period - Snap shot by Jordan Schmaltz.
7:08 of 2nd period - Deflect By Michael Joly.
7:08 of 2nd period - Stopped by Peter Delmas with a rebound.
7:42 of 2nd period - Backhand shot by Adam Tambellini.
7:42 of 2nd period - Stopped by Louis Domingue with a rebound.
7:44 of 2nd period - Slapshot by Patrick Wiercioch.
7:44 of 2nd period - Deflect By Zach Budish.
7:44 of 2nd period - Shot Misses the Net.
7:44 of 2nd period - Puck is out of play.
7:45 of 2nd period - Daniel O'regan wins face-off versus Andreas Athanasiou in Punishers zone.
7:45 of 2nd period - Andrej Sustr is hit by Andreas Athanasiou and loses puck.
8:01 of 2nd period - Minor Penalty to Dylan DeMelo for Holding.
8:02 of 2nd period - Evgeny Kuznetsov wins face-off versus Zack Hamill in Punishers zone.
9:00 of 2nd period - Wrist shot by Miikka Salomaki.
9:00 of 2nd period - Shot Misses the Net.
9:06 of 2nd period - John Quenneville is hit by Adam Tambellini and loses puck.
10:01 of 2nd period - Penalty to Dylan DeMelo is over, Dylan DeMelo is back on ice.
10:06 of 2nd period - Slapshot by Robbie Earl.
10:06 of 2nd period - Stopped by Peter Delmas without a rebound.
10:07 of 2nd period - Andreas Athanasiou wins face-off versus Jason Dickinson in Little Stars zone.
10:41 of 2nd period - Snap shot by Nikita Gusev.
10:41 of 2nd period - Deflect By Austen Brassard.
10:41 of 2nd period - Shot Blocked by Michael Mersch.
10:41 of 2nd period - Puck is out of play.
10:42 of 2nd period - Zack Hamill wins face-off versus Evgeny Kuznetsov in Little Stars zone.
10:45 of 2nd period - Wrist shot by Miikka Salomaki.
10:45 of 2nd period - Shot Misses the Net.
10:57 of 2nd period - Slapshot by Andrej Sustr.
10:57 of 2nd period - Shot Blocked by Madison Bowey.
11:26 of 2nd period - Icing by Dylan DeMelo.
11:27 of 2nd period - Evgeny Kuznetsov wins face-off versus John Quenneville in Punishers zone.
12:02 of 2nd period - Slapshot by Miikka Salomaki.
12:02 of 2nd period - Deflect By Patrick Wiercioch.
12:02 of 2nd period - Shot Misses the Net.
12:02 of 2nd period - Puck is out of play.
12:03 of 2nd period - Andreas Athanasiou wins face-off versus Evgeny Kuznetsov in Little Stars zone.
12:12 of 2nd period - Slapshot by Slava Voynov.
12:12 of 2nd period - Stopped by Peter Delmas with a rebound.
12:14 of 2nd period - Snap shot by Andreas Athanasiou.
12:14 of 2nd period - Shot Blocked by Tyler Wotherspoon.
12:16 of 2nd period - Snap shot by Jordan Schmaltz.
12:16 of 2nd period - Stopped by Peter Delmas with a rebound.
12:41 of 2nd period - Miikka Salomaki is hit by Zach Budish and loses puck.
13:02 of 2nd period - Zach Budish is hit by Jordan Schmaltz and loses puck.
13:21 of 2nd period - Michael Mersch is hit by Jordan Schmaltz and loses puck.
13:45 of 2nd period - Wrist shot by Zack Hamill.
13:45 of 2nd period - Goal by Zack Hamill - Little Stars : 1 - Punishers : 4.
13:46 of 2nd period - Evgeny Kuznetsov wins face-off versus Andreas Athanasiou in neutral zone.
14:00 of 2nd period - Wrist shot by Scott Kosmachuck.
14:00 of 2nd period - Stopped by Louis Domingue without a rebound.
14:01 of 2nd period - John Quenneville wins face-off versus Evgeny Kuznetsov in Punishers zone.
14:08 of 2nd period - Madison Bowey is hit by Evgeny Kuznetsov and loses puck.
14:58 of 2nd period - Wrist shot by John Quenneville.
14:58 of 2nd period - Shot Misses the Net.
15:21 of 2nd period - Wrist shot by Nikita Gusev.
15:21 of 2nd period - Stopped by Peter Delmas with a rebound.
15:23 of 2nd period - Slapshot by Dylan DeMelo.
15:23 of 2nd period - Shot Blocked by Scott Kosmachuck.
15:39 of 2nd period - Snap shot by John Quenneville.
15:39 of 2nd period - Stopped by Peter Delmas with a rebound.
15:41 of 2nd period - Slapshot by Dylan DeMelo.
15:41 of 2nd period - Stopped by Peter Delmas without a rebound.
15:42 of 2nd period - Miikka Salomaki wins face-off versus Michael Mersch in Little Stars zone.
15:58 of 2nd period - Off-side.
15:59 of 2nd period - Daniel O'regan wins face-off versus Andreas Athanasiou in neutral zone.
16:08 of 2nd period - Snap shot by Sebastian Wannstrom.
16:08 of 2nd period - Shot Misses the Net.
16:15 of 2nd period - Minor Penalty to Ben Betker for Hooking.
16:16 of 2nd period - Zack Hamill wins face-off versus Michael Mersch in Punishers zone.
17:20 of 2nd period - Zack Hamill is hit by Daniel O'regan and loses puck.
18:15 of 2nd period - Penalty to Ben Betker is over, Ben Betker is back on ice.
18:26 of 2nd period - Snap shot by Madison Bowey.
18:26 of 2nd period - Deflect By Tyler Wotherspoon.
18:26 of 2nd period - Stopped by Peter Delmas with a rebound.
18:38 of 2nd period - Dylan DeMelo is hit by Daniel O'regan and loses puck.
19:36 of 2nd period - Emile Poirier is hit by Austen Brassard and loses puck.
19:41 of 2nd period - Snap shot by Nikita Gusev.
19:41 of 2nd period - Stopped by Peter Delmas without a rebound.
19:42 of 2nd period - Daniel O'regan wins face-off versus Andreas Athanasiou in Little Stars zone.
Goals for this period are 0 for Little Stars vs 2 for Punishers.
Shots for this period are 8 for Little Stars vs 19 for Punishers.
3rd period
0:01 of 3rd period - Zack Hamill wins face-off versus Evgeny Kuznetsov in neutral zone.
0:06 of 3rd period - Slapshot by Scott Kosmachuck.
0:06 of 3rd period - Shot Misses the Net.
0:08 of 3rd period - Slapshot by Eric Knodel.
0:08 of 3rd period - Stopped by Louis Domingue with a rebound.
0:35 of 3rd period - Wrist shot by Tyler Bertuzzi.
0:35 of 3rd period - Goal by Tyler Bertuzzi - Little Stars : 1 - Punishers : 5.
0:36 of 3rd period - Zack Hamill wins face-off versus Evgeny Kuznetsov in neutral zone.
1:03 of 3rd period - Andreas Athanasiou is hit by Michael Mersch and loses puck.
1:12 of 3rd period - Snap shot by Zach Budish.
1:12 of 3rd period - Stopped by Louis Domingue without a rebound.
1:13 of 3rd period - Daniel O'regan wins face-off versus Zack Hamill in Punishers zone.
1:39 of 3rd period - Off-side.
1:40 of 3rd period - Andreas Athanasiou wins face-off versus Evgeny Kuznetsov in neutral zone.
1:43 of 3rd period - Wrist shot by Evgeny Kuznetsov.
1:43 of 3rd period - Shot Misses the Net.
1:45 of 3rd period - Slapshot by Andrej Sustr.
1:45 of 3rd period - Deflect By Jesse Joensuu.
1:45 of 3rd period - Shot Blocked by Jordan Schmaltz.
1:45 of 3rd period - Puck is out of play.
1:46 of 3rd period - Evgeny Kuznetsov wins face-off versus Zack Hamill in Punishers zone.
1:51 of 3rd period - Snap shot by Scott Kosmachuck.
1:51 of 3rd period - Shot Misses the Net.
1:53 of 3rd period - Wrist shot by Scott Kosmachuck.
1:53 of 3rd period - Stopped by Louis Domingue with a rebound.
1:55 of 3rd period - Slapshot by Andrej Sustr.
1:55 of 3rd period - Deflect By Evgeny Kuznetsov.
1:55 of 3rd period - Stopped by Louis Domingue without a rebound.
1:56 of 3rd period - Zack Hamill wins face-off versus Evgeny Kuznetsov in Punishers zone.
2:07 of 3rd period - Wrist shot by Jesse Joensuu.
2:07 of 3rd period - Stopped by Louis Domingue without a rebound.
2:08 of 3rd period - Evgeny Kuznetsov wins face-off versus Zack Hamill in Punishers zone.
2:23 of 3rd period - Evgeny Kuznetsov is hit by Robbie Earl and loses puck.
3:14 of 3rd period - Icing by Austen Brassard.
3:15 of 3rd period - John Quenneville wins face-off versus Michael Mersch in Punishers zone.
3:20 of 3rd period - Slapshot by Michael Mersch.
3:20 of 3rd period - Shot Misses the Net.
3:26 of 3rd period - Slapshot by Andrej Sustr.
3:26 of 3rd period - Deflect By Adam Tambellini.
3:26 of 3rd period - Shot Misses the Net.
3:26 of 3rd period - Puck is out of play.
3:27 of 3rd period - Michael Mersch wins face-off versus Zack Hamill in Punishers zone.
3:42 of 3rd period - Snap shot by Zach Budish.
3:42 of 3rd period - Stopped by Louis Domingue without a rebound.
3:43 of 3rd period - Daniel O'regan wins face-off versus Andreas Athanasiou in Punishers zone.
3:56 of 3rd period - Wrist shot by Carter Ashton.
3:56 of 3rd period - Shot Misses the Net.
3:58 of 3rd period - Snap shot by Carter Ashton.
3:58 of 3rd period - Stopped by Peter Delmas without a rebound.
3:59 of 3rd period - Zack Hamill wins face-off versus Evgeny Kuznetsov in Little Stars zone.
4:46 of 3rd period - Madison Bowey is hit by Emile Poirier and loses puck.
5:04 of 3rd period - Wrist shot by Jesse Joensuu.
5:04 of 3rd period - Stopped by Louis Domingue with a rebound.
5:32 of 3rd period - Slapshot by Dylan DeMelo.
5:32 of 3rd period - Shot Misses the Net.
5:34 of 3rd period - Slapshot by Dylan DeMelo.
5:34 of 3rd period - Shot Misses the Net.
5:36 of 3rd period - Wrist shot by Miikka Salomaki.
5:36 of 3rd period - Shot Misses the Net.
6:06 of 3rd period - Icing by Tyler Wotherspoon.
6:07 of 3rd period - John Quenneville wins face-off versus Jason Dickinson in Little Stars zone.
6:18 of 3rd period - Slapshot by Zack Hamill.
6:18 of 3rd period - Goal by Zack Hamill - Little Stars : 1 - Punishers : 6.
6:19 of 3rd period - Zack Hamill wins face-off versus Evgeny Kuznetsov in neutral zone.
6:46 of 3rd period - Icing by Jordan Schmaltz.
6:47 of 3rd period - Andreas Athanasiou wins face-off versus Michael Mersch in Punishers zone.
6:47 of 3rd period - Andreas Athanasiou is hit by Andrej Sustr.
7:20 of 3rd period - Icing by Robbie Earl.
7:21 of 3rd period - Zack Hamill wins face-off versus Scott Kosmachuck in Punishers zone.
7:48 of 3rd period - Miikka Salomaki is hit by Michael Mersch and loses puck.
7:57 of 3rd period - Slapshot by Robbie Earl.
7:57 of 3rd period - Stopped by Peter Delmas with a rebound.
8:03 of 3rd period - Snap shot by Miikka Salomaki.
8:03 of 3rd period - Shot Blocked by Eric Knodel.
8:09 of 3rd period - Slava Voynov is hit by Justin Auger and loses puck.
8:14 of 3rd period - Wrist shot by Jason Dickinson.
8:14 of 3rd period - Goal by Jason Dickinson - Little Stars : 2 - Punishers : 6.
8:15 of 3rd period - Evgeny Kuznetsov wins face-off versus Andreas Athanasiou in neutral zone.
8:18 of 3rd period - Snap shot by Evgeny Kuznetsov.
8:18 of 3rd period - Shot Misses the Net.
8:20 of 3rd period - Snap shot by Tyler Wotherspoon.
8:20 of 3rd period - Shot Misses the Net.
8:41 of 3rd period - Slava Voynov is hit by Andrej Sustr and loses puck.
8:54 of 3rd period - Slapshot by John Quenneville.
8:54 of 3rd period - Stopped by Peter Delmas without a rebound.
8:55 of 3rd period - Zack Hamill wins face-off versus Evgeny Kuznetsov in Little Stars zone.
9:13 of 3rd period - Minor Penalty to Scott Kosmachuck for Holding.
9:14 of 3rd period - Zack Hamill wins face-off versus Evgeny Kuznetsov in Little Stars zone.
9:24 of 3rd period - Wrist shot by Robbie Earl.
9:24 of 3rd period - Stopped by Peter Delmas without a rebound.
9:25 of 3rd period - Robbie Earl wins face-off versus Evgeny Kuznetsov in Little Stars zone.
9:26 of 3rd period - Snap shot by Zack Hamill.
9:26 of 3rd period - Goal by Zack Hamill - Little Stars : 2 - Punishers : 7.
9:26 of 3rd period - Matt Murray enters game.
9:27 of 3rd period - Evgeny Kuznetsov wins face-off versus Robbie Earl in neutral zone.
9:55 of 3rd period - Slapshot by Carter Ashton.
9:55 of 3rd period - Deflect By Zach Budish.
9:55 of 3rd period - Shot Misses the Net.
9:55 of 3rd period - Puck is out of play.
9:56 of 3rd period - Michael Mersch wins face-off versus Andreas Athanasiou in Little Stars zone.
10:07 of 3rd period - Snap shot by Andreas Athanasiou.
10:07 of 3rd period - Stopped by Matt Murray with a rebound.
10:09 of 3rd period - Wrist shot by Tyler Bertuzzi.
10:09 of 3rd period - Shot Blocked by Eric Knodel.
10:11 of 3rd period - Slapshot by Dylan DeMelo.
10:11 of 3rd period - Stopped by Matt Murray without a rebound.
10:12 of 3rd period - Evgeny Kuznetsov wins face-off versus Zack Hamill in Little Stars zone.
11:02 of 3rd period - Backhand shot by John Quenneville.
11:02 of 3rd period - Deflect By Austen Brassard.
11:02 of 3rd period - Stopped by Matt Murray with a rebound.
11:04 of 3rd period - Slapshot by Ben Betker.
11:04 of 3rd period - Stopped by Matt Murray with a rebound.
11:06 of 3rd period - Wrist shot by Austen Brassard.
11:06 of 3rd period - Stopped by Matt Murray with a rebound.
11:08 of 3rd period - Snap shot by Nikita Gusev.
11:08 of 3rd period - Stopped by Matt Murray without a rebound.
11:09 of 3rd period - Evgeny Kuznetsov wins face-off versus Zack Hamill in Little Stars zone.
11:24 of 3rd period - Backhand shot by Robbie Earl.
11:24 of 3rd period - Shot Blocked by Eric Knodel.
11:36 of 3rd period - Tyler Bertuzzi is hit by Michael Mersch and loses puck.
11:43 of 3rd period - Slapshot by Andrej Sustr.
11:43 of 3rd period - Shot Misses the Net.
11:45 of 3rd period - Slapshot by Tyler Wotherspoon.
11:45 of 3rd period - Shot Misses the Net.
12:03 of 3rd period - Snap shot by Nikita Gusev.
12:03 of 3rd period - Deflect By Andrej Sustr.
12:03 of 3rd period - Stopped by Matt Murray without a rebound.
12:04 of 3rd period - Miikka Salomaki wins face-off versus Evgeny Kuznetsov in Little Stars zone.
12:18 of 3rd period - Snap shot by Jesse Joensuu.
12:18 of 3rd period - Shot Misses the Net.
12:20 of 3rd period - Snap shot by Anton Cederholm.
12:20 of 3rd period - Stopped by Louis Domingue without a rebound.
12:21 of 3rd period - Andreas Athanasiou wins face-off versus Daniel O'regan in Punishers zone.
12:23 of 3rd period - Minor Penalty to Tyler Bertuzzi for Slashing.
12:24 of 3rd period - Evgeny Kuznetsov wins face-off versus Zack Hamill in Punishers zone.
13:33 of 3rd period - Snap shot by John Quenneville.
13:33 of 3rd period - Shot Misses the Net.
13:51 of 3rd period - Miikka Salomaki is hit by Eric Knodel.
14:07 of 3rd period - Slava Voynov is hit by Patrick Wiercioch.
14:23 of 3rd period - Penalty to Tyler Bertuzzi is over, Tyler Bertuzzi is back on ice.
14:29 of 3rd period - Andreas Athanasiou is hit by Patrick Wiercioch and loses puck.
15:52 of 3rd period - Sebastian Wannstrom is hit by Nikita Gusev and loses puck.
16:43 of 3rd period - Andrej Sustr is hit by Ben Betker and loses puck.
17:47 of 3rd period - Minor Penalty to Austen Brassard for Holding.
17:48 of 3rd period - Michael Mersch wins face-off versus Zack Hamill in Punishers zone.
17:55 of 3rd period - Slapshot by Andrej Sustr.
17:55 of 3rd period - Goal by Andrej Sustr - Little Stars : 3 - Punishers : 7.
17:56 of 3rd period - Evgeny Kuznetsov wins face-off versus Robbie Earl in neutral zone.
18:33 of 3rd period - Icing by Dylan DeMelo.
18:34 of 3rd period - Daniel O'regan wins face-off versus Andreas Athanasiou in Punishers zone.
18:51 of 3rd period - Wrist shot by Tyler Bertuzzi.
18:51 of 3rd period - Shot Misses the Net.
19:27 of 3rd period - Andreas Athanasiou is hit by Reece Willcox and loses puck.
Goals for this period are 2 for Little Stars vs 3 for Punishers.
Shots for this period are 10 for Little Stars vs 14 for Punishers.
Back to the Top